 Dungeon Crawl Stone Soup version 0.28-a0-938-gbc3f381ebc (webtiles) character file.

Game seed: 4689433054627012365

59 siradein the Charlatan (level 3, -5/27 HPs)
             Began as a Demonspawn Artificer on Nov 28, 2021.
             Slain by an orc (7 damage)
             ... on level 3 of the Dungeon.
             The game lasted 00:02:06 (2435 turns).

siradein the Charlatan (Demonspawn Artificer)       Turns: 2435, Time: 00:02:06

Health: -5/27      AC:  8    Str: 13    XL:     3   Next: 78%
Magic:  3/3        EV:  1    Int: 12    God:
Gold:   83         SH: 10    Dex: 13    Spells: 2/2 levels left

rFire   . . .      SeeInvis .   b - +0 spear
rCold   . . .      Faith    .   p - +0 tower shield
rNeg    . . .      Spirit   .   i - +0 chain mail
rPois   .          Reflect  .   (helmet restricted)
rElec   .          Harm     .   (no cloak)
rCorr   .          Rampage  .   (no gloves)
Will    .....                   (no boots)
Stlth   ..........              (no amulet)
HPRegen 0.09/turn               (no ring)
MPRegen 0.08/turn               (no ring)

@: no status effects
A: horns 1, powered by death 1
a: no special abilities


You were on level 3 of the Dungeon.
You visited 1 branch of the dungeon, and saw 3 of its levels.

You collected 83 gold pieces.

Inventory:

Hand Weapons
 b - a +0 spear (weapon)
Armour
 i - a +0 chain mail (worn)
 p - a +0 tower shield (worn)
Jewellery
 o - a ring of protection from cold
Wands
 c - a wand of flame (15) (quivered)
 d - a wand of charming (15)
Scrolls
 j - a scroll of teleportation {unknown}
 k - 3 scrolls of identify {unknown}
 m - a scroll of blinking {unknown}
Potions
 a - a potion of heal wounds {unknown}
 f - a potion of degeneration {unknown}
 g - 3 potions of curing {unknown}
 h - a potion of haste {unknown}
 l - a potion of might {unknown}
 n - a potion of flight {unknown}
Miscellaneous
 e - a piece from Xom's chessboard (15/15)


   Skills:
 + Level 1.9 Fighting
 + Level 0.8 Polearms
 + Level 2.3 Armour
 + Level 1.6 Dodging
 - Level 0.8 Stealth
 + Level 3.4 Evocations


You had 2 spell levels left.
You didn't know any spells.
Your spell library was empty.

Dungeon Overview and Level Annotations

Branches:
Dungeon (3/15)

Altars:


Innate Abilities, Weirdness & Mutations

You have a pair of small horns on your head.
You regenerate a little health from kills.


Message History

You now have 83 gold pieces (gained 16).
Found a whip.
An orc comes into view.
It is wielding a +1 flail of holy wrath.
An orc is nearby!
An orc is nearby!
Your movement speed is average.
Your attack delay is about 1.5 (and is slowed by your insufficient shield skill).
The orc shouts!
Found a stone staircase leading up.
Found a stone staircase leading down.
You hit the orc but do no damage. The orc hits you but does no damage.
You hit the orc but do no damage. You headbutt the orc, but do no damage.
The orc hits you with a +1 flail of holy wrath.
You convulse.
You block the orc's attack.
You barely miss the orc. You block the orc's attack.
You hit the orc.
The orc is heavily wounded.
You block the orc's attack.
The orc hits you with a +1 flail of holy wrath!
You convulse.
You are too injured to fight recklessly!
You are too injured to fight recklessly!
You are too injured to fight recklessly!
You are too injured to fight recklessly!
You hit the orc but do no damage.
The orc is heavily wounded.
You block the orc's attack. The orc hits you but does no damage.
You barely miss the orc.
The orc is heavily wounded.
The orc hits you with a +1 flail of holy wrath.
You convulse.
You hit the orc but do no damage.
The orc is heavily wounded.
The orc barely misses you. The orc hits you but does no damage.
You hit the orc.
The orc is almost dead.
The orc hits you with a +1 flail of holy wrath!
* * * LOW HITPOINT WARNING * * *
You convulse!
You die...

....#.#..#..##.#
#..#..#.#..##.#
.........#.##.# >#..
...##..#...#.#
...#)..#.#.......# ##.#
#.............##.# ..#
#... ####..####.# ##.#
#... #####.#####.# ..#
#.. #...o@......#
##.#.###<.##.###########
## ..........#
.#######..####
.......... .#######.# .#
#. .. .. ### ##


You could see an orc.

Vanquished Creatures
  A gnoll (D:3)
  An adder skeleton (D:3)
  2 dart slugs
  An orc (D:3)
  3 ball pythons (D:1)
  3 endoplasms (D:1)
  4 giant cockroaches
  7 goblins
  4 hobgoblins (D:1)
  2 quokkas
  A bat (D:1)
  A frilled lizard (D:1)
  3 kobolds
  2 rats
35 creatures vanquished.

Notes
Turn   | Place    | Note
-------+----------+-------------------------------------------
     0 | D:1      | siradein the Demonspawn Artificer began the quest for the
                  | Orb.
     0 | D:1      | Reached XP level 1. HP: 15/15 MP: 1/1
   206 | D:1      | Reached skill level 1 in Dodging
   288 | D:1      | Gained mutation: You regenerate a little health from kills.
                  | [demonic ancestry]
   288 | D:1      | Reached XP level 2. HP: 10/21 MP: 2/2
  1602 | D:1      | Gained mutation: You have a pair of small horns on your
                  | head. [demonic ancestry]
  1602 | D:1      | Reached XP level 3. HP: 24/26 MP: 3/3
  2232 | D:3      | Found a faded altar of an unknown god.
  2435 | D:3      | Slain by an orc

Illustrated notes

Levels and vault maps discovered:
D:1:      wander_arrival_chamber, layout_basic
D:2:      layout_basic, grunt_decor_clamped
D:3:      kennysheep_the_goblin_king, layout_loops_ring,
          hellmonk_ecumenical_altar_blasted, serial_bayou_pond_b

Skill      XL: |  1 |
---------------+----+-----
Dodging        | 1 |  1.6
Armour         | 2 |  2.3
Fighting       | |  1.9
Polearms       | |  0.8
Stealth        | |  0.8
Evocations     | |  3.4

Action                   || total
-------------------------++-------
Melee: Club              ||    53
       Spear             ||   124
       Headbutt          ||     7
Armor: Leather armour    ||     6
       Chain mail        ||    65
Dodge: Dodged            ||    65
Block: Tower shield      ||     4

Table legend: (Time is in decaauts)
 A = Elapsed time spent in this place.
 B = Non-inter-level travel time spent in this place.
 C = Inter-level travel time spent in this place.
 D = Time resting spent in this place.
 E = Time spent auto-exploring this place.
 F = Levels seen in this place.
 G = Mean time per level.
                   A        B        C        D        E       F      G
               +--------+--------+--------+--------+--------+-----+--------+
         Total |   2465 |   2425 |     40 |      0 |   2029 |   3 |  821.7 |
       Dungeon |   2465 |   2425 |     40 |      0 |   2029 |   3 |  821.7 |
               +--------+--------+--------+--------+--------+-----+--------+

Top non-repeatable levels by time:
     D:1: 1781 daAuts
     D:3: 459 daAuts
     D:2: 224 daAuts
